PL
NORTHERN VIRGINIA RAINBOW MERMAIDS @ PHOENIX HOTSPUR
10/08/2030
 
TOP OF THE 1ST
Northern Virginia Rainbow Mermaids batting - Pitching for Phoenix Hotspur : RHP Miguel Rubia
Pitching: RHP Miguel Rubia
Batting: LHB Ángel Pineda 0-0: DOUBLE (Line Drive, 7D)
Batting: SHB Eustacio Tafalla 0-0: Called Strike
0-1: Foul Ball, location: 2F
0-2: Ball
1-2: Ball
2-2: Fly out, F8 (Flyball, 8RM)
Batting: LHB Kyoji Hakoda 0-0: Called Strike
0-1: Foul Ball, location: 2F
0-2: Ball
1-2: Ball
2-2: Foul Ball, location: 2F
2-2: Ball
3-2: SINGLE (Groundball, 3D)
Ángel Pineda to third
Batting: SHB Melito Báez 0-0: Ball
1-0: Fly out, F9 (Flyball, 9)
Runner from 3rd tags up, OUT at HOME
Top of the 1st over - 0 runs, 2 hits, 0 errors, 1 left on base; Northern Virginia 0 - Phoenix 0
BOTTOM OF THE 1ST
Phoenix Hotspur batting - Pitching for Northern Virginia Rainbow Mermaids : RHP Aurelio López
Pitching: RHP Aurelio López
Batting: LHB Francisco García 0-0: Ball
1-0: Ball
2-0: Ball
3-0: Called Strike
3-1: Swinging Strike
3-2: Base on Balls
Batting: LHB Wagaw Lukongolo 0-0: Called Strike
Francisco García steals 2nd base
0-1: Swinging Strike
0-2: Ball
1-2: Ball
2-2: Strikes out swinging
Batting: LHB Shojiro Ueda 0-0: Foul Ball, location: 2F
0-1: Foul Ball, location: 2F
0-2: Strikes out swinging
Batting: RHB Gabriel Pérez 0-0: Hit by Pitch
Batting: RHB John Downing 0-0: Called Strike
0-1: Called Strike
0-2: Ball
1-2: Foul Ball, location: 2F
1-2: Ball
2-2: Foul Ball, location: 2F
2-2: Ball
3-2: Base on Balls
Francisco García to third
Gabriel Pérez to second
Batting: RHB Kyle Bywaters 0-0: Ball
1-0: Foul Ball, location: 2F
1-1: Swinging Strike
1-2: Ball
2-2: Foul Ball, location: 2F
2-2: Ball
3-2: Ground out 6-3 (Groundball, 6)
Bottom of the 1st over - 0 runs, 0 hits, 0 errors, 3 left on base; Northern Virginia 0 - Phoenix 0
TOP OF THE 2ND
Northern Virginia Rainbow Mermaids batting - Pitching for Phoenix Hotspur : RHP Miguel Rubia
Batting: LHB Ty Tomblin 0-0: Called Strike
0-1: SINGLE (Groundball, 4) (infield hit)
Batting: RHB Colt Cabana 0-0: Called Strike
0-1: Ball
1-1: Foul Ball, location: 2F
1-2: Ball
2-2: Strikes out looking
Batting: LHB Chia-ch'ing Dodman 0-0: Swinging Strike
0-1: 2-RUN HOME RUN (Flyball, 9D), Distance : 387 ft
Batting: RHB Zahid Kashani 0-0: Called Strike
0-1: Ball
1-1: Foul Ball, location: 2F
1-2: Strikes out swinging
Batting: RHB Tommy Socorro 0-0: Swinging Strike
0-1: Ball
1-1: Ball
2-1: Ball
3-1: Called Strike
3-2: Strikes out swinging
Top of the 2nd over - 2 runs, 2 hits, 0 errors, 0 left on base; Northern Virginia 2 - Phoenix 0
BOTTOM OF THE 2ND
Phoenix Hotspur batting - Pitching for Northern Virginia Rainbow Mermaids : RHP Aurelio López
Batting: RHB Randy Rehling 0-0: Foul Ball, location: 2F
0-1: Ball
1-1: SINGLE (Line Drive, 4D)
Batting: RHB Jesús Álvarez 0-0: Swinging Strike
0-1: Ball
1-1: Fly out, F9 (Flyball, 9)
Batting: RHB Alex Niemann 0-0: Ball
1-0: Ball
2-0: Called Strike
2-1: Ball
3-1: Foul Ball, location: 2F
3-2: Foul Ball, location: 2F
3-2: Base on Balls
Randy Rehling to second
Batting: LHB Francisco García 0-0: Ball
Balk!
Randy Rehling to third
Alex Niemann to second
1-0: Ball
2-0: Foul Ball, location: 2F
2-1: Foul Ball, location: 2F
2-2: Ball
3-2: Base on Balls
Batting: LHB Wagaw Lukongolo 0-0: SINGLE (Groundball, 4MD)
Randy Rehling scores
Alex Niemann to third
Francisco García to second
Runner from 3rd tries for Home, SAFE, no throw
Batting: LHB Shojiro Ueda 0-0: Fielders Choice at 2nd, 1-6 (Groundball, 13)
Francisco García to third
Batting: RHB Gabriel Pérez 0-0: Called Strike
0-1: Ball
1-1: Ball
2-1: Foul Ball, location: 2F
2-2: Ball
3-2: Foul Ball, location: 2F
3-2: Strikes out swinging
Bottom of the 2nd over - 2 runs, 2 hits, 0 errors, 2 left on base; Northern Virginia 2 - Phoenix 2
TOP OF THE 3RD
Northern Virginia Rainbow Mermaids batting - Pitching for Phoenix Hotspur : RHP Miguel Rubia
Batting: LHB Ángel Pineda 0-0: Ball
1-0: Foul Ball, location: 2F
1-1: Called Strike
1-2: Ground out 6-3 (Groundball, 6M)
Batting: SHB Eustacio Tafalla 0-0: Ball
1-0: Ball
2-0: Swinging Strike
2-1: Called Strike
2-2: Fly out, F8 (Flyball, 89M)
Batting: LHB Kyoji Hakoda 0-0: Called Strike
0-1: Ball
1-1: Ball
2-1: Foul Ball, location: 2F
2-2: Ball
3-2: Ground out 4-3 (Groundball, 4)
Top of the 3rd over - 0 runs, 0 hits, 0 errors, 0 left on base; Northern Virginia 2 - Phoenix 2
BOTTOM OF THE 3RD
Phoenix Hotspur batting - Pitching for Northern Virginia Rainbow Mermaids : RHP Aurelio López
Batting: RHB John Downing 0-0: Ball
1-0: Ball
2-0: Swinging Strike
2-1: Ball
3-1: SOLO HOME RUN (Flyball, 7LD), Distance : 343 ft
Batting: RHB Kyle Bywaters 0-0: Called Strike
0-1: Ball
1-1: Ground out 5-3 (Groundball, 56)
Batting: RHB Randy Rehling 0-0: Ball
1-0: Foul Ball, location: 2F
1-1: Called Strike
1-2: Ball
2-2: Ball
3-2: Foul Ball, location: 2F
3-2: SINGLE (Line Drive, 7S)
Batting: RHB Jesús Álvarez 0-0: Ball
1-0: Called Strike
1-1: Called Strike
1-2: Ball
2-2: Foul Ball, location: 2F
2-2: SINGLE (Groundball, 6D)
Randy Rehling to second
Batting: RHB Alex Niemann 0-0: Ball
1-0: Foul Ball, location: 2F
1-1: Grounds into double play, 4-6-3 (Groundball, 34)
Bottom of the 3rd over - 1 run, 3 hits, 0 errors, 1 left on base; Northern Virginia 2 - Phoenix 3
TOP OF THE 4TH
Northern Virginia Rainbow Mermaids batting - Pitching for Phoenix Hotspur : RHP Miguel Rubia
Batting: SHB Melito Báez 0-0: Ball
1-0: Fly out, F5 (Popup, 5)
Batting: LHB Ty Tomblin 0-0: Ball
1-0: SINGLE (Line Drive, 78S)
Batting: RHB Colt Cabana 0-0: Called Strike
0-1: Foul Ball, location: 2F
0-2: Ball
1-2: Ball
2-2: Strikes out looking
Batting: LHB Chia-ch'ing Dodman 0-0: Called Strike
0-1: Ball
1-1: Swinging Strike
1-2: Strikes out looking
Top of the 4th over - 0 runs, 1 hit, 0 errors, 1 left on base; Northern Virginia 2 - Phoenix 3
BOTTOM OF THE 4TH
Phoenix Hotspur batting - Pitching for Northern Virginia Rainbow Mermaids : RHP Aurelio López
Batting: LHB Francisco García 0-0: Ground out 6-3 (Groundball, 6S)
Batting: LHB Wagaw Lukongolo 0-0: Ball
1-0: SINGLE (Groundball, 6MD)
Batting: LHB Shojiro Ueda 0-0: Called Strike
0-1: Ball
1-1: Foul Ball, location: 2F
1-2: Ball
2-2: Reached on error, E6 (Groundball, 6)
Wagaw Lukongolo to second
Batting: RHB Gabriel Pérez 0-0: Ball
1-0: Ball
Wagaw Lukongolo steals 3rd base
Shojiro Ueda to second
2-0: Called Strike
2-1: Foul Ball, location: 2F
2-2: Ground out 1-3 (Groundball, 13)
Batting: RHB John Downing 0-0: Called Strike
0-1: Foul Ball, location: 2F
0-2: Ball
1-2: Ball
2-2: Ground out 6-3 (Groundball, 6)
Bottom of the 4th over - 0 runs, 1 hit, 1 error, 2 left on base; Northern Virginia 2 - Phoenix 3
TOP OF THE 5TH
Northern Virginia Rainbow Mermaids batting - Pitching for Phoenix Hotspur : RHP Miguel Rubia
Batting: RHB Zahid Kashani 0-0: Ball
1-0: Called Strike
1-1: Fly out, F7 (Flyball, 78M)
Batting: RHB Tommy Socorro 0-0: Called Strike
0-1: Called Strike
0-2: Ground out 5-3 (Groundball, 5)
Batting: LHB Ángel Pineda 0-0: Called Strike
0-1: Ball
1-1: Foul Ball, location: 2F
1-2: Strikes out swinging
Top of the 5th over - 0 runs, 0 hits, 0 errors, 0 left on base; Northern Virginia 2 - Phoenix 3
BOTTOM OF THE 5TH
Phoenix Hotspur batting - Pitching for Northern Virginia Rainbow Mermaids : RHP Aurelio López
Pitching: RHP António Alomar
Batting: RHB Kyle Bywaters 0-0: Foul Ball, location: 2F
0-1: Ground out 5-3 (Groundball, 5L)
Batting: RHB Randy Rehling 0-0: Called Strike
0-1: Ball
1-1: Foul Ball, location: 2F
1-2: Strikes out swinging
Batting: RHB Jesús Álvarez 0-0: Fly out, F4 (Flyball, 4D)
Bottom of the 5th over - 0 runs, 0 hits, 0 errors, 0 left on base; Northern Virginia 2 - Phoenix 3
TOP OF THE 6TH
Northern Virginia Rainbow Mermaids batting - Pitching for Phoenix Hotspur : RHP Miguel Rubia
Batting: SHB Eustacio Tafalla 0-0: Ball
1-0: Called Strike
1-1: Fly out, F9 (Flyball, 9S)
Batting: LHB Kyoji Hakoda 0-0: Ball
1-0: Ground out 4-3 (Groundball, 4)
Batting: SHB Melito Báez 0-0: Ball
1-0: Ball
2-0: Ball
3-0: Called Strike
3-1: Fly out, F4 (Popup, 13S)
Top of the 6th over - 0 runs, 0 hits, 0 errors, 0 left on base; Northern Virginia 2 - Phoenix 3
BOTTOM OF THE 6TH
Phoenix Hotspur batting - Pitching for Northern Virginia Rainbow Mermaids : RHP António Alomar
Batting: RHB Alex Niemann 0-0: Ball
1-0: SINGLE (Line Drive, 9S)
Batting: LHB Francisco García 0-0: Ball
1-0: Called Strike
1-1: Foul Ball, location: 2F
1-2: Strikes out swinging
Alex Niemann steals 2nd base
Batter strikes out.
Batting: LHB Wagaw Lukongolo 0-0: Swinging Strike
0-1: Ball
1-1: SINGLE (Line Drive, 6D)
Alex Niemann to third
Batting: LHB Shojiro Ueda 0-0: Ball
1-0: Called Strike
1-1: Fielders Choice at 2nd, 6-4 (Groundball, 6)
Alex Niemann scores
Batting: RHB Gabriel Pérez 0-0: Ball
1-0: Called Strike
1-1: Ball
2-1: Fly out, F9 (Flyball, 9LD)
Bottom of the 6th over - 1 run, 2 hits, 0 errors, 1 left on base; Northern Virginia 2 - Phoenix 4
TOP OF THE 7TH
Northern Virginia Rainbow Mermaids batting - Pitching for Phoenix Hotspur : RHP Miguel Rubia
Batting: LHB Ty Tomblin 0-0: Ball
1-0: Ground out 3-1 (Groundball, 34)
Batting: RHB Colt Cabana 0-0: DOUBLE (Groundball, 5L)
Pinch Runner at 2nd Kade Knowles:
Batting: LHB Chia-ch'ing Dodman 0-0: Ball
1-0: Swinging Strike
1-1: Called Strike
1-2: Strikes out looking
Batting: RHB Zahid Kashani 0-0: Ball
1-0: Foul Ball, location: 2F
1-1: Swinging Strike
1-2: Strikes out swinging
Top of the 7th over - 0 runs, 1 hit, 0 errors, 1 left on base; Northern Virginia 2 - Phoenix 4
BOTTOM OF THE 7TH
Phoenix Hotspur batting - Pitching for Northern Virginia Rainbow Mermaids : RHP António Alomar
Now at 3B: Kade Knowles
Batting: RHB John Downing 0-0: Ball
1-0: Ball
2-0: Ball
3-0: Base on Balls
Batting: RHB Kyle Bywaters 0-0: Ball
1-0: Ground out 5-3 (Groundball, 5)
John Downing to second
Batting: RHB Randy Rehling 0-0: Intentional Walk
Batting: RHB Jesús Álvarez 0-0: Foul Ball, location: 2F
0-1: Swinging Strike
0-2: Ball
1-2: Foul Ball, location: 2F
1-2: Fielders Choice at 2nd, 6-4 (Groundball, 6)
John Downing to third
Batting: RHB Alex Niemann 0-0: Ball
1-0: Fielders Choice at 2nd, 5-4 (Groundball, 5)
Bottom of the 7th over - 0 runs, 0 hits, 0 errors, 2 left on base; Northern Virginia 2 - Phoenix 4
TOP OF THE 8TH
Northern Virginia Rainbow Mermaids batting - Pitching for Phoenix Hotspur : RHP Miguel Rubia
Batting: RHB Tommy Socorro 0-0: Foul Ball, location: 2F
0-1: Fly out, F8 (Line Drive, 8LD)
Batting: LHB Ángel Pineda 0-0: Ball
1-0: Foul Ball, location: 2F
1-1: Foul Ball, location: 2F
1-2: Ground out 6-3 (Groundball, 6)
Batting: SHB Eustacio Tafalla 0-0: Ball
1-0: Called Strike
1-1: Swinging Strike
1-2: Strikes out looking
Top of the 8th over - 0 runs, 0 hits, 0 errors, 0 left on base; Northern Virginia 2 - Phoenix 4
BOTTOM OF THE 8TH
Phoenix Hotspur batting - Pitching for Northern Virginia Rainbow Mermaids : RHP António Alomar
Batting: LHB Francisco García 0-0: Ball
1-0: Ball
2-0: Foul Ball, location: 2F
2-1: Ball
3-1: Called Strike
3-2: Ground out 6-3 (Groundball, 6)
Batting: LHB Wagaw Lukongolo 0-0: Ball
1-0: Ball
2-0: Called Strike
2-1: Ball
3-1: Foul Ball, location: 2F
3-2: Base on Balls
Batting: LHB Shojiro Ueda 0-0: Ball
Wagaw Lukongolo steals 2nd base
1-0: Called Strike
1-1: Ball
2-1: Ground out 5-3 (Groundball, 56S)
Wagaw Lukongolo to third
Batting: RHB Gabriel Pérez 0-0: Ground out 1-3 (Groundball, P)
Bottom of the 8th over - 0 runs, 0 hits, 0 errors, 1 left on base; Northern Virginia 2 - Phoenix 4
TOP OF THE 9TH
Northern Virginia Rainbow Mermaids batting - Pitching for Phoenix Hotspur : RHP Miguel Rubia
Batting: LHB Kyoji Hakoda 0-0: Swinging Strike
0-1: Ball
1-1: Called Strike
1-2: Strikes out swinging
Batting: SHB Melito Báez 0-0: Foul Ball, location: 2F
0-1: SINGLE (Line Drive, 78S)
Pitching: RHP Santiago Alonza
Batting: LHB Ty Tomblin 0-0: Called Strike
0-1: Grounds into double play, 6-4-3 (Groundball, 6)
Top of the 9th over - 0 runs, 1 hit, 0 errors, 0 left on base; Northern Virginia 2 - Phoenix 4
Sunday, March 18th, 2018 - OOTP Baseball 18.8 Build 76